Map: Blueshift LE

Players

SpaceTeapot - Winner!

  • Race: Zerg Zerg
  • League: Diamond
  • Spawn Location: 7:00

ROMSLY

  • Race: Protoss Protoss
  • League: Diamond
  • Spawn Location: 1:00

VOD

Have the link to the VOD?

Description

A cheese build vs Protoss (works vs terran too)

Time

  • Played on: Aug. 24, 2018, 8:56 a.m.
  • Length: 4:24
Show
View Real Time Build Order
Export as new Build Order

SpaceTeapot Zerg - Winner!

Build Orders: Hatch First 

Get SALT Encoding   

  12  0:01  Drone  
  13  0:12  Overlord  
  13  0:16  Drone  
  14  0:30  Drone x2  
  14  0:34  Drone  
  17  0:52  Hatchery  
  17  0:55  Drone  
  17  0:57  Drone  
  18  1:08  Extractor  
  17  1:13  Spawning Pool  
  17  1:15  Drone  
  17  1:18  Drone  
  18  1:28  Drone  
  19  1:46  Overlord  
  19  2:00  Zergling x2  
  20  2:01  Queen  
  20  2:04  Drone x2  
  24  2:10  Queen  
  26  2:23  Drone x2  
  26  2:25  Overlord  
  28  2:30  Roach Warren  
  27  2:40  Drone  
  28  2:45  Overlord  
  28  3:11  Roach x6  
  39  3:13  Roach x3  
  45  3:23  Roach x3  
  51  3:27  Overlord  
  51  3:39  Drone  
  52  3:43  Overlord  
  53  4:03  Hatchery  
Show
View Real Time Build Order
Export as new Build Order

ROMSLY Protoss 

Build Orders: 1 Gate Expand 

Get SALT Encoding   

  12  0:01  Probe  
  13  0:13  Probe  
  14  0:20  Pylon  
  14  0:25  Probe  
  15  0:38  Probe  
  16  0:44  Gateway  
  16  0:48  Assimilator  
  16  0:49  Probe  
  17  0:57  Probe  
  18  1:05  Probe  
  19  1:18  Probe  
  20  1:29  Nexus  
  20  1:37  Cybernetics Core  
  20  1:39  Probe  
  21  1:48  Pylon  
  21  1:52  Probe  
  21  1:53  Assimilator  
  22  2:04  Probe  
  23  2:09  Adept  
  25  2:16  Warp Gate, Probe  
  26  2:28  Probe  
  26  2:29  Stalker  
  28  2:40  Probe  
  29  2:45  Probe  
  29  2:46  Gateway  
  29  2:47  Shield Battery  
  29  2:51  Sentry  
  30  2:52  Probe  
  30  2:57  Probe  
  34  3:06  Robotics Facility  
  34  3:10  Probe  
  35  3:15  Probe  
  36  3:22  Probe  
  37  3:27  Probe  
  38  3:34  Probe  
  38  3:37  Gateway  
  38  3:38  Pylon, Gateway  
  38  3:49  Gateway  
  38  3:50  Probe  
  38  3:51  Assimilator, Probe  
  38  3:55  Assimilator  
  43  4:10  Gateway  
  43  4:11  Probe  
Tags
 
Add a new tag
Caveats
  • Supply blocks, unpowered buildings, or Contaminate may cause inaccurate times.
  • Supply counts are checked every 10 seconds.